TOP OF THE 1ST |
Georgetown Hoyas batting - Pitching for Auburn Tigers : RHP Elliott Barker
|
Pitching: RHP Elliott Barker
|
|
Batting: LHB Pedro Escobar
|
0-0: Ball 1-0: Ground out 4-3 (Groundball, 34)
|
Batting: LHB Preston Leach
|
0-0: Ball 1-0: Ball 2-0: Fly out, F3 (Line Drive, 3)
|
Batting: RHB Hubert MacDonald
|
0-0: Ground out 6-3 (Groundball, 6)
|
Top of the 1st over - 0 run(s), 0 hit(s), 0 error(s), 0 left on base; Georgetown 0 - Auburn 0 |
BOTTOM OF THE 1ST |
Auburn Tigers batting - Pitching for Georgetown Hoyas : RHP Jerry Thomas
|
Pitching: RHP Jerry Thomas
|
|
Batting: RHB Bill Petty
|
0-0: Ball 1-0: Foul Ball, location: 2F 1-1: SINGLE (Groundball, 6D)
|
Batting: RHB Jerry Browning
|
0-0: Swinging Strike 0-1: Ball 1-1: Ball Bill Petty steals 2nd base 2-1: Foul Ball, location: 2F 2-2: Ground out 5-3 (Groundball, 56S) Bill Petty to third
|
Batting: RHB Robert Porter
|
0-0: Ball 1-0: Ball 2-0: Ball 3-0: Base on Balls
|
Batting: SHB Garrett Waller
|
0-0: Ball 1-0: Ball 2-0: Ball 3-0: Called Strike 3-1: Base on Balls Robert Porter to second
|
Batting: RHB Valentín Saldaña
|
0-0: Grounds into double play, 4-6-3 (Groundball, 4)
|
Bottom of the 1st over - 0 run(s), 1 hit(s), 0 error(s), 2 left on base; Georgetown 0 - Auburn 0 |
TOP OF THE 2ND |
Georgetown Hoyas batting - Pitching for Auburn Tigers : RHP Elliott Barker
|
Batting: RHB Glenn Rojas
|
0-0: Fly out, F8 (Flyball, 8LM)
|
Batting: LHB Chris Smith
|
0-0: Foul Ball, location: 2F 0-1: Foul Ball, location: 2F 0-2: Ball 1-2: Strikes out swinging
|
Batting: SHB Chris Young
|
0-0: Ball 1-0: Fly out, F8 (Flyball, 89M)
|
Top of the 2nd over - 0 run(s), 0 hit(s), 0 error(s), 0 left on base; Georgetown 0 - Auburn 0 |
BOTTOM OF THE 2ND |
Auburn Tigers batting - Pitching for Georgetown Hoyas : RHP Jerry Thomas
|
Batting: RHB Patrick Stewart
|
0-0: Foul Ball, location: 2F 0-1: Foul Ball, location: 2F 0-2: Fly out, F7 (Flyball, 78M)
|
Batting: SHB Mike Robinson
|
0-0: Ball 1-0: Ball 2-0: Ball 3-0: Base on Balls
|
Batting: LHB Matt Kennedy
|
0-0: Called Strike 0-1: Called Strike 0-2: Ball 1-2: SINGLE (Flyball, 9S) Mike Robinson to second Runner from 2nd tries for 3rd, SAFE, throw made to third
|
Batting: RHB Travis Curtis
|
0-0: Foul Ball, location: 2F 0-1: Swinging Strike 0-2: Foul Ball, location: 2F 0-2: Foul Ball, location: 2F 0-2: Strikes out swinging
|
Batting: RHB Bill Petty
|
0-0: DOUBLE (Line Drive, 9LS) Mike Robinson scores Matt Kennedy to third
|
Batting: RHB Jerry Browning
|
0-0: Ball 1-0: Ball 2-0: Called Strike 2-1: Ball 3-1: Base on Balls
|
Batting: RHB Robert Porter
|
0-0: Called Strike 0-1: Swinging Strike 0-2: Foul Ball, location: 2F 0-2: Strikes out swinging
|
Bottom of the 2nd over - 1 run(s), 2 hit(s), 0 error(s), 3 left on base; Georgetown 0 - Auburn 1 |
TOP OF THE 3RD |
Georgetown Hoyas batting - Pitching for Auburn Tigers : RHP Elliott Barker
|
Batting: LHB Matt McCormick
|
0-0: Ball 1-0: Called Strike 1-1: SINGLE (Groundball, 3D)
|
Batting: LHB Robert Lucas
|
0-0: Ball 1-0: Grounds into double play, 6-4-3 (Groundball, 6)
|
Batting: RHB Alex Vasser
|
0-0: Swinging Strike 0-1: Ball 1-1: Foul Ball, location: 2F 1-2: Strikes out looking
|
Top of the 3rd over - 0 run(s), 1 hit(s), 0 error(s), 0 left on base; Georgetown 0 - Auburn 1 |
BOTTOM OF THE 3RD |
Auburn Tigers batting - Pitching for Georgetown Hoyas : RHP Jerry Thomas
|
Batting: SHB Garrett Waller
|
0-0: Ball 1-0: Called Strike 1-1: Ball 2-1: Foul Ball, location: 2F 2-2: Fly out, F8 (Flyball, 8RD)
|
Batting: RHB Valentín Saldaña
|
0-0: Ground out 4-3 (Groundball, 4S)
|
Batting: RHB Patrick Stewart
|
0-0: Fly out, F7 (Flyball, 7LSF)
|
Bottom of the 3rd over - 0 run(s), 0 hit(s), 0 error(s), 0 left on base; Georgetown 0 - Auburn 1 |
TOP OF THE 4TH |
Georgetown Hoyas batting - Pitching for Auburn Tigers : RHP Elliott Barker
|
Batting: LHB Pedro Escobar
|
0-0: Foul Ball, location: 2F 0-1: Ball 1-1: Foul Ball, location: 2F 1-2: Ball 2-2: Ball 3-2: Strikes out swinging
|
Batting: LHB Preston Leach
|
0-0: Ball 1-0: Ball 2-0: Ball 3-0: Swinging Strike 3-1: Base on Balls
|
Batting: RHB Hubert MacDonald
|
0-0: Ball 1-0: Ball 2-0: Called Strike 2-1: 2-RUN HOME RUN (Flyball, 7D), Distance : 371 ft
|
Batting: RHB Glenn Rojas
|
0-0: Called Strike 0-1: Foul Ball, location: 2F 0-2: Strikes out swinging
|
Batting: LHB Chris Smith
|
0-0: Called Strike 0-1: Ball 1-1: Foul Ball, location: 2F 1-2: Ball 2-2: Foul Ball, location: 2F 2-2: Strikes out swinging
|
Top of the 4th over - 2 run(s), 1 hit(s), 0 error(s), 0 left on base; Georgetown 2 - Auburn 1 |
BOTTOM OF THE 4TH |
Auburn Tigers batting - Pitching for Georgetown Hoyas : RHP Jerry Thomas
|
Batting: SHB Mike Robinson
|
0-0: Called Strike 0-1: Swinging Strike 0-2: SINGLE (Flyball, 8LS)
|
Batting: LHB Matt Kennedy
|
0-0: Ball 1-0: Called Strike 1-1: Ball 2-1: Ball 3-1: Base on Balls Mike Robinson to second
|
Batting: RHB Travis Curtis
|
0-0: Ball 1-0: Fielders Choice at 2nd, 6-4 (Groundball, 6) Mike Robinson to third
|
Batting: RHB Bill Petty
|
0-0: Ball 1-0: Called Strike 1-1: Swinging Strike 1-2: Ball 2-2: Foul Ball, location: 2F 2-2: Foul Ball, location: 2F 2-2: Foul Ball, location: 2F 2-2: Ball 3-2: Base on Balls Travis Curtis to second
|
Batting: RHB Jerry Browning
|
0-0: Called Strike 0-1: SINGLE (Line Drive, 34) Mike Robinson scores Travis Curtis to third Bill Petty to second Runner from 3rd tries for Home, SAFE, throw made home
|
Batting: RHB Robert Porter
|
0-0: Called Strike 0-1: Called Strike 0-2: Ball 1-2: Ball 2-2: Ball 3-2: Foul Ball, location: 2F 3-2: Base on Balls Bill Petty to third Jerry Browning to second
|
Batting: SHB Garrett Waller
|
0-0: Swinging Strike 0-1: SINGLE (Groundball, 3D) Bill Petty scores Jerry Browning to third Robert Porter to second Runner from 3rd tries for Home, throw and OUT! Robert Porter to third Garrett Waller to second
|
Pitching: RHP Don Jones
|
|
Batting: RHB Valentín Saldaña
|
0-0: Ball 1-0: Ball 2-0: Ball 3-0: Called Strike 3-1: Foul Ball, location: 2F 3-2: Fly out, F4 (Popup, 4D)
|
Bottom of the 4th over - 3 run(s), 3 hit(s), 0 error(s), 2 left on base; Georgetown 2 - Auburn 4 |
TOP OF THE 5TH |
Georgetown Hoyas batting - Pitching for Auburn Tigers : RHP Elliott Barker
|
Batting: SHB Chris Young
|
0-0: Ball 1-0: Ball 2-0: Swinging Strike 2-1: Ground out 4-3 (Groundball, 4)
|
Batting: LHB Matt McCormick
|
0-0: Foul Ball, location: 2F 0-1: Ball 1-1: Ball 2-1: Swinging Strike 2-2: Foul Ball, location: 2F 2-2: Ball 3-2: Reached on error, E4 (Groundball, 34)
|
Batting: LHB Robert Lucas
|
0-0: Ball Matt McCormick is caught stealing 2nd base 1-0: Foul Ball, location: 2F 1-1: Ball 2-1: Foul Ball, location: 2F 2-2: DOUBLE (Line Drive, 89M)
|
Batting: RHB Alex Vasser
|
0-0: Ball 1-0: Ball 2-0: Ball 3-0: Called Strike 3-1: Base on Balls
|
Batting: LHB Pedro Escobar
|
0-0: Called Strike 0-1: Ball 1-1: Ball 2-1: Ball 3-1: 3-RUN HOME RUN (Flyball, 8RXD), Distance : 394 ft
|
Batting: LHB Preston Leach
|
0-0: Foul Ball, location: 2F 0-1: Ground out U3 (Groundball, 34S)
|
Top of the 5th over - 3 run(s), 2 hit(s), 1 error(s), 0 left on base; Georgetown 5 - Auburn 4 |
BOTTOM OF THE 5TH |
Auburn Tigers batting - Pitching for Georgetown Hoyas : RHP Don Jones
|
Batting: RHB Patrick Stewart
|
0-0: Ball 1-0: Ball 2-0: Fly out, F9 (Flyball, 9S)
|
Batting: SHB Mike Robinson
|
0-0: Ball 1-0: Ball 2-0: Ball 3-0: Base on Balls
|
Batting: LHB Matt Kennedy
|
0-0: Ball 1-0: Swinging Strike 1-1: Called Strike 1-2: Ball 2-2: Foul Ball, location: 2F 2-2: Strikes out swinging
|
Batting: RHB Travis Curtis
|
0-0: Reached on error, E6 (Groundball, 6) Mike Robinson to second
|
Batting: RHB Bill Petty
|
0-0: DOUBLE (Flyball, 89M) Mike Robinson scores Travis Curtis to third
|
Batting: RHB Jerry Browning
|
0-0: Ball 1-0: Swinging Strike 1-1: Ball 2-1: Called Strike 2-2: Ball 3-2: Base on Balls
|
Batting: RHB Robert Porter
|
0-0: GRAND SLAM HOME RUN (Line Drive, 78XD), Distance : 375 ft
|
Batting: SHB Garrett Waller
|
0-0: Swinging Strike 0-1: Reached on error, E4 (Groundball, 4)
|
Pitching: RHP Jon Jenkins
|
|
Batting: RHB Valentín Saldaña
|
0-0: Called Strike 0-1: Ball 1-1: Ball 2-1: Ball Garrett Waller steals 2nd base 3-1: Ground out 6-3 (Groundball, 6)
|
Bottom of the 5th over - 5 run(s), 2 hit(s), 2 error(s), 1 left on base; Georgetown 5 - Auburn 9 |
TOP OF THE 6TH |
Georgetown Hoyas batting - Pitching for Auburn Tigers : RHP Elliott Barker
|
Batting: RHB Hubert MacDonald
|
0-0: Called Strike 0-1: Ball 1-1: Fly out, F6 (Popup, 56D)
|
Batting: RHB Glenn Rojas
|
0-0: Ground out 1-3 (Groundball, 13)
|
Batting: LHB Chris Smith
|
0-0: DOUBLE (Groundball, 3L)
|
Batting: SHB Chris Young
|
0-0: Called Strike 0-1: Foul Ball, location: 2F 0-2: Ball 1-2: Foul Ball, location: 2F 1-2: Ball 2-2: Strikes out swinging
|
Top of the 6th over - 0 run(s), 1 hit(s), 0 error(s), 1 left on base; Georgetown 5 - Auburn 9 |
BOTTOM OF THE 6TH |
Auburn Tigers batting - Pitching for Georgetown Hoyas : RHP Jon Jenkins
|
Batting: RHB Patrick Stewart
|
0-0: Ball 1-0: Ball 2-0: Ball 3-0: Called Strike 3-1: Fly out, F8 (Flyball, 8LM)
|
Batting: SHB Mike Robinson
|
0-0: Ground out 4-3 (Groundball, 4M)
|
Batting: LHB Matt Kennedy
|
0-0: Ball 1-0: Foul Ball, location: 2F 1-1: SINGLE (Groundball, 3D)
|
Batting: RHB Travis Curtis
|
0-0: Swinging Strike 0-1: Ball 1-1: Ball 2-1: Fly out, F9 (Flyball, 9S)
|
Bottom of the 6th over - 0 run(s), 1 hit(s), 0 error(s), 1 left on base; Georgetown 5 - Auburn 9 |
TOP OF THE 7TH |
Georgetown Hoyas batting - Pitching for Auburn Tigers : RHP Elliott Barker
|
Pitching: RHP Carl Woodward
|
|
Batting: LHB Matt McCormick
|
0-0: Called Strike 0-1: Called Strike 0-2: Strikes out swinging
|
Batting: LHB Robert Lucas
|
0-0: Ball 1-0: Ball 2-0: Foul Ball, location: 2F 2-1: Foul Ball, location: 2F 2-2: Ball 3-2: Strikes out swinging, 2-3 out at first.
|
Batting: RHB Alex Vasser
|
0-0: Ball 1-0: Foul Ball, location: 2F 1-1: Ball 2-1: Ball 3-1: Base on Balls
|
Batting: LHB Pedro Escobar
|
0-0: Called Strike Alex Vasser steals 2nd base 0-1: Ball 1-1: Foul Ball, location: 2F 1-2: Foul Ball, location: 2F 1-2: Ball 2-2: Foul Ball, location: 2F 2-2: Ball 3-2: Base on Balls
|
Batting: LHB Preston Leach
|
0-0: Called Strike 0-1: Foul Ball, location: 2F 0-2: Foul Ball, location: 2F 0-2: Foul Ball, location: 2F 0-2: Fly out, F7 (Flyball, 7S)
|
Top of the 7th over - 0 run(s), 0 hit(s), 0 error(s), 2 left on base; Georgetown 5 - Auburn 9 |
BOTTOM OF THE 7TH |
Auburn Tigers batting - Pitching for Georgetown Hoyas : RHP Jon Jenkins
|
Batting: RHB Bill Petty
|
0-0: Ball 1-0: Called Strike 1-1: Foul Ball, location: 2F 1-2: Ball 2-2: Strikes out swinging
|
Batting: RHB Jerry Browning
|
0-0: Swinging Strike 0-1: Ball 1-1: Called Strike 1-2: Fly out, F9 (Flyball, 89S)
|
Batting: RHB Robert Porter
|
0-0: Called Strike 0-1: Ball 1-1: Foul Ball, location: 2F 1-2: Foul Ball, location: 2F 1-2: Ball 2-2: SINGLE (Groundball, 5D)
|
Pitching: RHP Brandon Lee
|
|
Batting: SHB Garrett Waller
|
0-0: Ball 1-0: Called Strike 1-1: Foul Ball, location: 2F 1-2: Strikes out swinging
|
Bottom of the 7th over - 0 run(s), 1 hit(s), 0 error(s), 1 left on base; Georgetown 5 - Auburn 9 |
TOP OF THE 8TH |
Georgetown Hoyas batting - Pitching for Auburn Tigers : RHP Carl Woodward
|
Batting: RHB Hubert MacDonald
|
0-0: Called Strike 0-1: Ball 1-1: Foul Ball, location: 2F 1-2: Strikes out swinging
|
Batting: RHB Glenn Rojas
|
0-0: Ball 1-0: Ball 2-0: Ball 3-0: Base on Balls
|
Batting: LHB Chris Smith
|
0-0: Swinging Strike 0-1: Called Strike 0-2: Ball 1-2: Foul Ball, location: 2F 1-2: Strikes out swinging
|
Batting: SHB Chris Young
|
0-0: Ball 1-0: Foul Ball, location: 2F 1-1: Ball 2-1: Called Strike 2-2: Ball 3-2: Foul Ball, location: 2F 3-2: Strikes out looking
|
Top of the 8th over - 0 run(s), 0 hit(s), 0 error(s), 1 left on base; Georgetown 5 - Auburn 9 |
BOTTOM OF THE 8TH |
Auburn Tigers batting - Pitching for Georgetown Hoyas : RHP Brandon Lee
|
Batting: RHB Valentín Saldaña
|
0-0: Foul Ball, location: 2F 0-1: Ball 1-1: Ball 2-1: Called Strike 2-2: Foul Ball, location: 2F 2-2: Ball 3-2: Ground out 4-3 (Groundball, 4)
|
Batting: RHB Patrick Stewart
|
0-0: Ground out 4-3 (Groundball, 4)
|
Batting: SHB Mike Robinson
|
0-0: Called Strike 0-1: Foul Ball, location: 2F 0-2: Ball 1-2: Foul Ball, location: 2F 1-2: Foul Ball, location: 2F 1-2: Ball 2-2: Hit by Pitch
|
Batting: LHB Matt Kennedy
|
0-0: Foul Ball, location: 2F 0-1: Ball 1-1: Ground out 2-3 (Groundball, 15S)
|
Bottom of the 8th over - 0 run(s), 0 hit(s), 0 error(s), 1 left on base; Georgetown 5 - Auburn 9 |
TOP OF THE 9TH |
Georgetown Hoyas batting - Pitching for Auburn Tigers : RHP Carl Woodward
|
Batting: LHB Matt McCormick
|
0-0: Foul Ball, location: 2F 0-1: Ball 1-1: Ball 2-1: Called Strike 2-2: Strikes out swinging
|
Pitching: LHP Carl Piña
|
|
Batting: LHB Robert Lucas
|
0-0: Ball 1-0: Ball 2-0: Ball 3-0: Base on Balls
|
Batting: RHB Alex Vasser
|
0-0: Swinging Strike 0-1: Called Strike 0-2: Strikes out swinging
|
Batting: LHB Pedro Escobar
|
0-0: Ball 1-0: Called Strike 1-1: Foul Ball, location: 2F 1-2: Foul Ball, location: 2F 1-2: Ball 2-2: Foul Ball, location: 2F 2-2: Ball 3-2: Strikes out looking
|
Top of the 9th over - 0 run(s), 0 hit(s), 0 error(s), 1 left on base; Georgetown 5 - Auburn 9 |
|